AoeStats
← Arcangelos

Four Lakes

510004586Analyzed
1v1 RM · 3d ago on Sep 29, 2026· 58m 45s· 2 players
Game mode
Random Map
Map size
Tiny (2 player)
Population
200
Speed
Normal
Resources
Standard
Victory
Conquest
Starting age
Dark Age
Ending age
Imperial Age
RankedLock teamsTeams togetherTeam positionsShared explorationLock speedFull tech treeHidden civsTurbo modeCheats
Victory
Defeat
🇲🇽 Romans · Mexico
1186
+15
🇧🇪 Franks · Belgium
1172
-15
papatheocari
2:19 Loom
10:06 Feudal Age
11:29 Double-Bit Axe
14:26 Scale Mail Armor
14:16 Fletching
20:02 Castle Age
20:31 Forging
21:07 Bow Saw
20:40 Pikeman
34:08 Crossbowman
34:50 Bodkin Arrow
36:07 Ballistics
41:04 Imperial Age
38:06 Ordonnance Companies
41:04 Elite Throwing Axeman
42:43 Conscription
45:16 Chemistry
45:42 Wheelbarrow
48:44 Murder Holes
Arcangelos
2:32 Loom
11:07 Feudal Age
12:28 Wheelbarrow
11:43 Double-Bit Axe
11:47 Horse Collar
12:00 Fishing Lines
13:25 Scale Mail Armor
15:36 Man-at-Arms
18:05 Town Watch
18:27 Gold Mining
19:56 Scale Barding Armor
21:50 Forging
25:03 Castle Age
24:26 Fletching
26:02 Chain Mail Armor
25:11 Pikeman
25:55 Squires
26:15 Hand Cart
26:14 Bow Saw
25:49 Long Swordsman
27:46 Iron Casting
30:59 Gold Shaft Mining
30:15 Stone Mining
30:56 Bloodlines
36:13 Chain Barding Armor
37:53 Heavy Plow
40:37 Imperial Age
38:22 Ballistas
39:00 Bodkin Arrow
40:40 Legionary
41:44 Conscription
40:51 Capped Ram
42:33 Crop Rotation
42:49 Plate Barding Armor
44:46 Elite Centurion
46:29 Blast Furnace
46:45 Comitatenses
46:38 Siege Engineers
46:56 Ballistics
47:41 Guilds
47:40 Husbandry
47:00 Light Cavalry
49:38 Town Patrol
52:59 Chemistry
51:55 Murder Holes
52:11 Masonry
51:54 Cavalier
52:42 Padded Archer Armor
57:44 Architecture
57:12 Gillnets
Connection lost

Rejoining the realm…

Still unreachable

The connection could not be restored.

Session expired

The server has moved on; the page needs a fresh start.